 Dungeon Crawl Stone Soup version 0.17-a0-1635-gd4e48f1 (webtiles) character file.

39167 HEYYEYAAE the Fetichist (level 13, -1/108 HPs)
             Began as a Deep Dwarf Chaos Knight on Aug 4, 2015.
             Killed from afar by a deep elf knight (39 damage)
             ... with a shard of ice
             ... on level 1 of the Elven Halls.
             The game lasted 00:47:42 (14532 turns).

HEYYEYAAE the Fetichist (Deep Dwarf Chaos Knight)  Turns: 14532, Time: 00:47:42

Health: -1/108     AC: 22    Str: 23    XL:     13   Next: 67%
Magic:  6/6        EV: 20    Int: 11    God:    Xom [......]
Gold:   488        SH:  0    Dex: 22    Spells: 0 memorised, 17 levels left

rFire  + . .     SeeInvis .     I - +4 battleaxe (venom)
rCold  . . .     Clarity  .     L - +6 scale mail of Tehuchal {MR+ Dex+5}
rNeg   . . .     SustAt   .     (no shield)
rPois  +         Gourm    .     (helmet restricted)
rElec  .         Spirit   .     Y - +0 cloak of Wannoi {+Blink rF+}
rCorr  .         Warding  .     F - +2 pair of gloves
rMut   .         Stasis   .     W - +1 pair of boots {Fly}
MR     ++...                    (no amulet)
Stlth  ..........               T - ring of Dycaibb {+Inv rPois}
                                u - +5 ring of dexterity

@: flying, very slightly contaminated, non-regenerating, very resistant to
hostile enchantments, extremely unstealthy
A: damage resistance, recharge devices, hooves 1, horns 1, dopey 1, frail 1,
sense surroundings 2, screaming 1, slow healing 3, strong 1
a: Device Recharging, Renounce Religion, Evoke Blink, Evoke Invisibility, Stop
Flying


You were on level 1 of the Elven Halls.
You worshipped Xom.
You were a very special plaything of Xom.
You were hungry.

You visited 4 branches of the dungeon, and saw 17 of its levels.
You also visited: Labyrinth.

You collected 2956 gold pieces.
You spent 2468 gold pieces at shops.

Inventory:

Hand weapons
 n - a +2 war axe of electrocution
 E - the +6 hand axe of Disaster {venom, +Inv rF+ Str+3 Int-5}
   (You found it on level 9 of the Dungeon)

   It poisons the flesh of those it strikes.
   It affects your strength (+3).
   It affects your intelligence (-5).
   It protects you from fire.
   It lets you turn invisible.
 I - a +4 battleaxe of venom (weapon)
Armour
 F - a +2 pair of gloves (worn)
 L - the +6 scale mail of Tehuchal (worn) {MR+ Dex+5}
   (You bought it in a shop on level 2 of the Orcish Mines)

   It affects your dexterity (+5).
   It affects your resistance to hostile enchantments.
 Q - the +1 scale mail "Jutiqaon" {rPois Stlth+}
   (You bought it in a shop on level 2 of the Orcish Mines)

   It protects you from poison.
   It makes you more stealthy.
 V - the +1 pair of boots "Wurghaste" {*Corrode rC++ MR- Regen+}
   (You found it in a labyrinth)

   It greatly protects you from cold.
   It affects your resistance to hostile enchantments.
   It increases your rate of regeneration.
   It may corrode your equipment when you take damage.
 W - a +1 pair of boots of flying (worn)
 Y - the +0 cloak of Wannoi (worn) {+Blink rF+}
   (You found it in a labyrinth)

   It protects you from fire.
   It lets you blink.
Jewellery
 h - an uncursed amulet of guardian spirit
 u - a +5 ring of dexterity (left hand)
 v - a +4 ring of protection
 y - a cursed ring of positive energy {unknown}
 A - an uncursed ring of protection from cold
 H - an uncursed ring of fire
 J - the ring of the Mage {Wiz MR++ Int+3}
   (You found it on level 9 of the Dungeon)

   [ring of wizardry]

   It improves your spell success rate.
   It affects your intelligence (+3).
   It affects your resistance to hostile enchantments.
 T - the ring of Dycaibb (right hand) {+Inv rPois}
   (You found it in a labyrinth)

   [ring of invisibility]

   It protects you from poison.
   It lets you turn invisible.
Magical devices
 c - a wand of heal wounds (2)
 r - a wand of draining (0)
 G - a wand of random effects (0)
Scrolls
 b - a scroll of enchant armour
 e - a scroll of immolation
 f - 2 scrolls of summoning
 g - a scroll of fog
 i - 7 scrolls of remove curse
 p - 3 scrolls of magic mapping
 q - 4 scrolls of noise
 R - 3 scrolls of teleportation
 S - 9 scrolls of identify
 U - a scroll of amnesia
 X - a scroll of blinking
Potions
 l - 5 potions of lignification
 s - a potion of ambrosia
 t - 2 potions of might
 w - 2 potions of cancellation
 x - a potion of berserk rage
 z - 2 potions of haste
 D - 2 potions of beneficial mutation
 K - 2 potions of agility
 P - a potion of brilliance
Miscellaneous
 Z - a phial of floods (inert)
Comestibles
 d - 12 bread rations
 j - 8 slices of pizza
 k - 3 fruits
 B - 5 meat rations


   Skills:
 + Level 9.3 Fighting
 + Level 10.7 Axes
 + Level 10.8 Armour
 + Level 10.8 Dodging
 + Level 2.6 Spellcasting
 * Level 17.0 Evocations


You had 17 spell levels left.
You didn't know any spells.

Dungeon Overview and Level Annotations

Branches:
Dungeon (11/15)            Temple (0/1) D:4            Lair (1/8) D:10
    Orc (4/4) D:11            Elf (1/3) Orc:3

Altars:
Fedhas
Kikubaaqudgha
Nemelex Xobeh
Okawaru
Ru
Sif Muna
Trog
Xom
Yredelemnul
Zin
Beogh

Shops:
Orc:2 [   Orc:4 ?=

Portals:
Labyrinth: Lair:1


Innate Abilities, Weirdness & Mutations

You are resistant to damage.
You can recharge devices by infusing magical energy.
You passively map the area around you.
You do not heal naturally.
You have large cloven feet.
You have a pair of small horns on your head.
You are dopey. (Int -2)
You are frail (-10% HP).
You occasionally shout uncontrollably at your foes.
Your muscles are strong. (Str +2)


Message History

The deep elf knight flickers and vanishes!
Deactivating autopickup; reactivate with Ctrl-A.
Something blocks your attack.
You headbutt something.
Something hits you but does no damage. x2
You completely miss something. You headbutt something.
Something hits you but does no damage.
You hit something. Your headbutt misses something.
Something hits you but does no damage. x2
You hit something. Something hits you but does no damage. Something hits you.
Something blocks your attack.
Your headbutt misses something. Something hits you but does no damage.
Something blocks your attack.
Your headbutt misses something. Something misses you.
Something hits you but does no damage. Something blocks your attack.
Something barely misses you. Something hits you! Something blocks your attack.
You headbutt something.
You hear some strange, mumbled words.
A shard of ice appears from out of thin air!
The shard of ice hits you!
You die... "I guess I need a new plaything now."

## ##..............# .#
#...............#
.#####...e...........#
......(............)#
.#####........##..(#* .#
##.##...####.## .# #.#*
.## ##.## .# #.# # ##...##
## ##+## #.@...### ##...##
#.{.....# ##.....##
#.....#.# ####.......##
##..[##.#
..#.........####...##.#
..+.........'...........
#.#.........####........,*
##.......## ##...#.#. *
##.....###* *#..#.#?


There were no monsters in sight!

Vanquished Creatures
  An orc warlord (Orc:4)
  Louise (Elf:1)
  A deep elf demonologist (Elf:1)
  The ghost of 4thArraOfDagon the Martial Artist, a powerful OpTm of Qazlal (Orc:3)
  A minotaur (Lab)
  A deep elf death mage (Elf:1)
  8 orc high priests
  3 small abominations (Elf:1)
  3 deep elf knights (Elf:1)
  An unseen horror (Elf:1)
  A deep elf summoner (Elf:1)
  5 deep elf conjurers (Elf:1)
  A salamander (Orc:1)
  3 gargoyles (Lab)
  An elephant (D:10)
  A komodo dragon (D:11)
  The ghost of urechis the Ruffian, an average TrMo (D:4)
  5 deep elf priests (Elf:1)
  2 kobold demonologists (D:10)
  Sigmund (D:5)
  A shadow (D:9)
  12 yaks
  8 deep elf magi
  A hungry ghost (D:11)
  2 hippogriffs
  9 deep elf fighters (Elf:1)
  4 vampire mosquitoes (D:8)
  13 wargs
  2 water moccasins
  A wolf (shapeshifter) (D:4)
  A sky beast (D:5)
  A wasp (D:11)
  An ice beast (D:6)
  16 orc warriors
  10 ogres
  5 phantoms
  A boggart (Elf:1)
  6 centaurs
  2 big kobolds
  4 crocodiles
  5 giant frogs
  A wyvern skeleton (D:9)
  3 scorpions
  A wight (D:7)
  A troll zombie (D:11)
  4 crimson imps
  4 hounds
  6 jellies
  Crazy Yiuf (D:6)
  A centaur skeleton (D:8)
  Ijyb (D:3)
  2 giant frog skeletons
  A giant frog zombie (D:9)
  32 orc priests
  2 iguanas
  21 orc wizards
  9 sheep
  4 ogre zombies (D:11)
  10 worker ants
  A hound zombie (D:8)
  A worker ant zombie (D:5)
  11 adders
  6 gnolls
  6 river rats
  A shadow imp (D:9)
  3 oozes
  A worm (D:2)
  5 adder skeletons
  5 giant geckos
  162 orcs
  6 bats
  8 giant cockroaches
  10 goblins
  11 hobgoblins
  17 jackals
  15 kobolds
  2 ball pythons
  A giant cockroach zombie (D:6)
  8 giant newts
  A goblin skeleton (D:11)
  A goblin zombie (D:11)
  2 hobgoblin zombies (D:11)
  2 orc skeletons (D:11)
  11 orc zombies (D:11)
  7 quokkas
  11 rats
  A spectral orc (D:8)
567 creatures vanquished.

Vanquished Creatures (collateral kills)
  Donald (Orc:3)
  Maud (D:11)
  Fannar (Orc:1)
  The ghost of 4thArraOfDagon the Grappler, an experienced TrGl of Qazlal (D:11)
  An orc high priest (Orc:4)
  A deep elf summoner (Elf:1)
  A centaur skeleton (D:11)
  A boulder beetle (Orc:1)
  3 yaks (D:10)
  A deep elf mage (Elf:1)
  A hungry ghost (D:9)
  A water moccasin (D:3)
  An orc warrior (Orc:1)
  A boggart (Elf:1)
  A quasit (D:9)
  2 orc wizards
  5 orc priests
  An ogre zombie (D:11)
  10 orcs
  3 kobolds (D:10)
  A goblin zombie (D:11)
39 creatures vanquished.

Vanquished Creatures (others)
  A big kobold (D:10)
  An orc priest (Orc:4)
  An orc (Orc:4)
3 creatures vanquished.

Grand Total: 609 creatures vanquished

Notes
Turn   | Place    | Note
--------------------------------------------------------------
     0 | D:1      | HEYYEYAAE the Deep Dwarf Chaos Knight began the quest for the Orb.
     0 | D:1      | Reached XP level 1. HP: 20/20 MP: 1/1
    77 | D:1      | Reached skill level 1 in Evocations
   114 | D:1      | Reached XP level 2. HP: 21/27 MP: 2/2
   226 | D:1      | XOM: harmless Trmt miscast
   378 | D:1      | XOM: god gift: 680 gold pieces
   573 | D:1      | Reached XP level 3. HP: 25/33 MP: 4/4
   693 | D:2      | XOM: cast spell 'Spider Form'
   786 | D:2      | Found a sacrificial altar of Ru.
   906 | D:2      | XOM: polymorph adder -> kobold
  1043 | D:2      | Reached XP level 4. HP: 33/42 MP: 5/5
  1202 | D:2      | XOM: harmless Air miscast
  1603 | D:3      | XOM: confuse monster(s)
  1677 | D:3      | Noticed a water moccasin
  1679 | D:3      | XOM: summons 4 friendly demons
  1688 | D:3      | Killed a water moccasin
  1688 | D:3      | Reached XP level 5. HP: 16/49 MP: 7/7
  1695 | D:3      | Noticed Ijyb
  1716 | D:3      | Killed Ijyb
  1716 | D:3      | Reached skill level 4 in Axes
  1821 | D:3      | Found a faded altar to an unknown god.
  2109 | D:3      | Reached XP level 6. HP: 38/56 MP: 9/9
  2145 | D:3      | Found a bloodstained altar of Trog.
  2451 | D:3      | XOM: vitrification
  2514 | D:4      | XOM: stealth player
  2538 | D:4      | Noticed urechis's ghost (average TrMo)
  2540 | D:4      | XOM: blink monster(s)
  2550 | D:4      | XOM: harmless Conj miscast
  2563 | D:4      | XOM: enchant monster (good)
  2653 | D:4      | XOM: enchant monster (bad)
  2766 | D:4      | XOM: snakes to sticks
  2843 | D:4      | HP: 1/56 [ogre/giant spiked club (21)]
  2847 | D:4      | Reached skill level 5 in Evocations
  2922 | D:4      | Found a staircase to the Ecumenical Temple.
  2938 | D:4      | Reached XP level 7. HP: 42/63 MP: 9/9
  3113 | D:4      | XOM: summons 7 friendly demons
  3132 | D:4      | XOM: mild Divn miscast
  3144 | D:4      | Killed urechis's ghost
  3186 | D:4      | Reached skill level 6 in Evocations
  3265 | D:4      | XOM: summons 1 hostile demon
  3275 | D:4      | XOM: chaos cloud
  3277 | D:4      | XOM: silly message
  3279 | D:4      | Paralysed by you for 2 turns
  3568 | D:4      | Found a deep blue altar of Sif Muna.
  3636 | D:4      | Reached skill level 5 in Axes
  3745 | D:5      | Entered Level 5 of the Dungeon
  3748 | D:5      | XOM: chaos cloud
  3749 | D:5      | XOM: confusion
  3751 | D:5      | Paralysed by you for 2 turns
  3782 | D:5      | Reached skill level 5 in Armour
  3783 | D:5      | Reached XP level 8. HP: 33/72 MP: 11/11
  3789 | D:5      | Reached skill level 7 in Evocations
  3883 | D:5      | XOM: harmless Trmt miscast
  3945 | D:5      | XOM: give mutations
  3945 | D:5      | Gained mutation: You occasionally shout uncontrollably at your foes. [Xom's mischief]
  3945 | D:5      | Gained mutation: You sometimes yell uncontrollably at your foes. [Xom's mischief]
  3945 | D:5      | Gained mutation: You have a pair of small horns on your head. [Xom's mischief]
  3945 | D:5      | Gained mutation: Your muscles are strong. (Str +2) [Xom's mischief]
  3985 | D:5      | Noticed Sigmund
  3985 | D:5      | XOM: enchant monster (bad)
  4023 | D:5      | Killed Sigmund
  4031 | D:5      | XOM: confusion
  4050 | D:5      | Gained mutation: Your muscles are very strong. (Str +4) [mutagenic meat]
  4072 | D:5      | Found a glowing silver altar of Zin.
  4079 | D:5      | XOM: harmless Air miscast
  4190 | D:5      | Found a shimmering altar of Xom.
  4380 | D:5      | XOM: give mutations
  4380 | D:5      | Lost mutation: You sometimes yell uncontrollably at your foes. [Xom's mischief]
  4380 | D:5      | Gained mutation: You have large cloven feet. [Xom's mischief]
  4380 | D:5      | Lost mutation: Your muscles are very strong. (Str +4) [Xom's mischief]
  4380 | D:5      | Gained mutation: You are frail (-10% HP). [Xom's mischief]
  4431 | D:5      | Reached skill level 8 in Evocations
  4617 | D:5      | XOM: silly message
  4678 | D:5      | XOM: harmless Hex miscast
  4826 | D:5      | Found an ancient bone altar of Kikubaaqudgha.
  4839 | D:5      | XOM: harmless Tloc miscast
  4888 | D:6      | XOM: cast spell 'Confusing Touch'
  4894 | D:6      | Reached skill level 5 in Dodging
  4948 | D:6      | Reached skill level 5 in Fighting
  5232 | D:6      | XOM: colour smoke trail
  5243 | D:6      | XOM: chaos cloud
  5247 | D:6      | Paralysed by you for 6 turns
  5247 | D:6      | XOM: 1-stop teleportation journey
  5358 | D:6      | Gained mutation: You passively map the area around you. [Deep Dwarf growth]
  5358 | D:6      | Reached XP level 9. HP: 36/72 MP: 11/11
  5427 | D:6      | Noticed Crazy Yiuf
  5435 | D:6      | Killed Crazy Yiuf
  5665 | D:7      | Found a sparkling altar of Nemelex Xobeh.
  5767 | D:7      | Reached skill level 9 in Evocations
  5832 | D:7      | XOM: 7-stop teleportation journey
  5841 | D:7      | XOM: give mutation
  5841 | D:7      | Gained mutation: You are dopey. (Int -2) [Xom's mischief]
  5852 | D:7      | XOM: summons friendly white imp
  5859 | D:7      | XOM: enchant monster (good)
  6225 | D:7      | XOM: scenery: 1 doors open
  6399 | D:7      | XOM: cast spell 'Summon Small Mammal'
  6425 | D:8      | Found an iron altar of Okawaru.
  6452 | D:8      | XOM: colour smoke trail
  6512 | D:8      | XOM: chaos cloud
  6513 | D:8      | Paralysed by you for 2 turns
  6592 | D:7      | XOM: summons 5 hostile shadow creatures
  6611 | D:8      | XOM: noise
  6624 | D:8      | XOM: 5-stop teleportation journey
  6629 | D:8      | Reached skill level 10 in Evocations
  6641 | D:8      | XOM: noise
  6650 | D:8      | XOM: enchant monster (good)
  6699 | D:8      | XOM: harmless Ice miscast
  6870 | D:8      | XOM: scenery: 1 doors open, 1 doors close
  6892 | D:8      | Got a bloodstained spear
  6893 | D:8      | Identified the +0 spear of Eternity {holy, MR++ Str+9} (You found it on level 8 of the Dungeon)
  7038 | D:8      | Reached XP level 10. HP: 51/81 MP: 12/12
  7109 | D:8      | XOM: scenery: 2 doors close
  7136 | D:8      | XOM: harmless Fire miscast
  7146 | D:8      | Found a basalt altar of Yredelemnul.
  7175 | D:8      | XOM: god gift: slice of pizza
  7500 | D:9      | XOM: divination: magic mapping
  7508 | D:9      | XOM: cast spell 'Summon Swarm'
  7515 | D:9      | XOM: medium Erth miscast
  7632 | D:9      | Reached skill level 11 in Evocations
  7663 | D:9      | XOM: cast spell 'Necromutation'
  8079 | D:9      | Got a crystal hand axe
  8080 | D:9      | Identified the +6 hand axe of Disaster {venom, +Inv rF+ Str+3 Int-5} (You found it on level 9 of the Dungeon)
  8137 | D:9      | XOM: harmless Ice miscast
  8177 | D:10     | Entered Level 10 of the Dungeon
  8183 | D:10     | XOM: harmless Divn miscast
  8206 | D:10     | Found a staircase to the Lair.
  8258 | D:10     | Noticed an elephant
  8261 | D:10     | XOM: summons friendly iron imp
  8269 | D:10     | Killed an elephant
  8451 | D:10     | XOM: give mutation
  8451 | D:10     | XOM: noise
  8561 | D:10     | Noticed a rust devil
  8563 | D:10     | XOM: smoke on damage
  8565 | D:10     | XOM: polymorph big kobold -> giant frog
  8640 | D:10     | XOM: summons 5 hostile demons
  8643 | D:10     | Paralysed by a chaos spawn for 4 turns
  8659 | D:10     | Reached skill level 12 in Evocations
  8669 | D:10     | XOM: summons 6 friendly demons
  8692 | D:10     | XOM: mild Pois miscast
  8734 | D:10     | Got a shimmering falchion
  8735 | D:10     | Identified the +8 falchion "Daifob" {slice, rPois rC+++ MP-9 Int-3} (You took it off an orc warrior on level 10 of the Dungeon)
  8847 | D:11     | Noticed 4thArraOfDagon's ghost (experienced TrGl)
  8857 | D:11     | XOM: vitrification
  8900 | Lair:1   | Entered Level 1 of the Lair of Beasts
  8912 | Lair:1   | Found a labyrinth entrance.
  8920 | Lair:1   | Identified the Almanac of Curses
  8933 | Lab      | Entered a labyrinth
  8988 | Lab      | XOM: smoke on damage
  9081 | Lab      | Reached XP level 11. HP: 71/90 MP: 11/11
  9085 | Lab      | XOM: divine lightning (protected)
  9087 | Lab      | XOM: harmless Trmt miscast
  9221 | Lab      | Noticed a minotaur
  9223 | Lab      | XOM: noise
  9246 | Lab      | Killed a minotaur
  9263 | Lab      | Got a translucent ivory ring
  9264 | Lab      | Got a pair of bloodstained boots
  9264 | Lab      | Got a twisted cloak
  9270 | Lab      | Identified the +1 pair of boots "Wurghaste" {*Corrode rC++ MR- Regen+} (You found it in a labyrinth)
  9280 | Lab      | Identified the +0 cloak of Wannoi {+Blink rF+} (You found it in a labyrinth)
  9283 | Lab      | Identified the ring of Dycaibb {+Inv rPois} (You found it in a labyrinth)
  9324 | Lair:1   | Reached skill level 13 in Evocations
  9909 | D:10     | XOM: vitrification
 10004 | D:11     | Killed 4thArraOfDagon's ghost
 10028 | D:11     | Found a blossoming altar of Fedhas.
 10251 | D:11     | Noticed Maud
 10257 | D:11     | XOM: potion effect (curing)
 10258 | D:11     | XOM: divination: detect items
 10262 | D:11     | XOM: noise
 10273 | D:11     | XOM: blink monster(s)
 10274 | D:11     | XOM: smoke on damage
 10281 | D:11     | Killed Maud
 10375 | D:11     | XOM: enchant monster (bad)
 10389 | D:11     | Found a staircase to the Orcish Mines.
 10522 | D:11     | XOM: potion effect (haste)
 10656 | Orc:1    | Entered Level 1 of the Orcish Mines
 10656 | Orc:1    | Noticed Urug
 10656 | Orc:1    | Noticed Urug
 10656 | Orc:1    | Urug changed into Urug the salamander
 10656 | Orc:1    | XOM: polymorph Urug -> Urug the salamander
 10660 | Orc:1    | XOM: confuse monster(s)
 10666 | Orc:1    | Noticed Fannar
 10675 | Orc:1    | XOM: confuse monster(s)
 10692 | Orc:1    | XOM: confuse monster(s)
 10694 | Orc:1    | Killed Urug the salamander
 10694 | Orc:1    | Reached skill level 14 in Evocations
 10701 | Orc:1    | Killed Fannar
 11091 | Orc:2    | XOM: polymorph orc wizard -> hound
 11114 | Orc:2    | Found Cirel's Antique Armour Emporium.
 11125 | Orc:2    | Bought an ichor-stained scale mail for 216 gold pieces
 11125 | Orc:2    | Bought an ancient scale mail for 216 gold pieces
 11135 | Orc:2    | Identified the +6 scale mail of Tehuchal {MR+ Dex+5} (You bought it in a shop on level 2 of the Orcish Mines)
 11145 | Orc:2    | Identified the cursed +1 scale mail "Jutiqaon" {rPois Stlth+} (You bought it in a shop on level 2 of the Orcish Mines)
 11213 | Orc:2    | XOM: confuse monster(s)
 11476 | Orc:3    | XOM: enchant monster (bad)
 11499 | Orc:3    | Reached XP level 12. HP: 55/99 MP: 9/9
 11585 | Orc:3    | Noticed 4thArraOfDagon's ghost (powerful OpTm)
 11587 | Orc:3    | XOM: cast spell 'Summon Small Mammal'
 11606 | Orc:3    | Killed 4thArraOfDagon's ghost
 11669 | Orc:3    | Noticed an orc high priest
 11679 | Orc:3    | Killed an orc high priest
 11682 | Orc:3    | Found a roughly hewn altar of Beogh.
 11909 | Orc:3    | Noticed Donald
 11909 | Orc:3    | XOM: confuse monster(s)
 11919 | Orc:3    | XOM: summons friendly quasit
 11926 | Orc:3    | HP: 4/99 [reflected bolt (48)]
 11946 | Orc:3    | Killed Donald
 12001 | Orc:3    | Found a staircase to the Elven Halls.
 12101 | Orc:3    | XOM: colour smoke trail
 12256 | Orc:2    | XOM: harmless Chrm miscast
 12408 | Orc:4    | Entered Level 4 of the Orcish Mines
 12415 | Orc:4    | XOM: noise
 12539 | Orc:4    | Found Eptutyme's General Store.
 12539 | Orc:4    | XOM: 7-stop teleportation journey
 12543 | Orc:4    | Noticed an orc warlord
 12549 | Orc:4    | XOM: chaos cloud
 12553 | Orc:4    | XOM: enchant monster (good)
 12556 | Orc:4    | XOM: blink monster(s)
 12559 | Orc:4    | XOM: swap monsters
 12574 | Orc:4    | Reached skill level 15 in Evocations
 12594 | Orc:4    | Killed an orc warlord
 12642 | Orc:4    | XOM: mild Hex miscast
 12652 | Orc:4    | XOM: harmless Chrm miscast
 12684 | Orc:4    | XOM: enchant monster (bad)
 12712 | Orc:4    | Found a roughly hewn altar of Beogh.
 12712 | Orc:4    | XOM: 4-stop teleportation journey
 12797 | Orc:4    | XOM: confuse monster(s)
 12811 | Orc:4    | XOM: divine lightning (protected)
 12824 | Orc:4    | Reached skill level 10 in Axes
 12824 | Orc:4    | Reached skill level 10 in Armour
 12834 | Orc:4    | Found Nijiavod's Jewellery Shop.
 12865 | Orc:4    | XOM: 2-stop teleportation journey
 12997 | Orc:4    | Reached skill level 10 in Dodging
 13007 | Orc:4    | XOM: fog
 13009 | Orc:4    | XOM: 2-stop teleportation journey
 13136 | Orc:4    | XOM: enchant monster (bad)
 13172 | Orc:4    | Found Jooghor's Magic Scroll Shop.
 13172 | Orc:4    | Found Boewiseb's Magic Scroll Shoppe.
 13189 | Orc:4    | Bought a scroll of identify for 22 gold pieces
 13189 | Orc:4    | Bought a scroll of teleportation for 33 gold pieces
 13189 | Orc:4    | Bought a scroll of teleportation for 33 gold pieces
 13189 | Orc:4    | Bought a scroll of remove curse for 33 gold pieces
 13189 | Orc:4    | Bought a scroll of magic mapping for 38 gold pieces
 13189 | Orc:4    | Bought 3 scrolls of identify for 66 gold pieces
 13199 | Orc:4    | Bought a scroll of blinking for 97 gold pieces
 13199 | Orc:4    | Bought a scroll of identify for 26 gold pieces
 13199 | Orc:4    | Bought a scroll of summoning for 123 gold pieces
 13199 | Orc:4    | Bought a scroll of enchant armour for 97 gold pieces
 13199 | Orc:4    | Bought a scroll of identify for 26 gold pieces
 13199 | Orc:4    | Bought a scroll of teleportation for 39 gold pieces
 13199 | Orc:4    | Bought a scroll of identify for 26 gold pieces
 13199 | Orc:4    | Bought a scroll of summoning for 123 gold pieces
 13199 | Orc:4    | Bought a scroll of remove curse for 39 gold pieces
 13199 | Orc:4    | Bought a scroll of recharging for 123 gold pieces
 13199 | Orc:4    | Bought a scroll of identify for 26 gold pieces
 13199 | Orc:4    | Bought a scroll of fear for 45 gold pieces
 13199 | Orc:4    | Bought a scroll of enchant weapon for 97 gold pieces
 13215 | Orc:4    | XOM: vitrification
 13251 | Orc:4    | Bought an uncursed amulet of guardian spirit for 420 gold pieces
 13252 | Orc:4    | Bought a +4 ring of protection for 504 gold pieces
 13518 | Elf:1    | Entered Level 1 of the Elven Halls
 13744 | Elf:1    | XOM: 2-stop teleportation journey
 13748 | Elf:1    | Reached skill level 16 in Evocations
 13748 | Elf:1    | Reached XP level 13. HP: 56/108 MP: 0/7
 13808 | Elf:1    | XOM: summons 8 friendly demons
 13810 | Elf:1    | XOM: polymorph ufetubus -> shadow imp
 13826 | Elf:1    | XOM: confusion (+ monsters)
 13877 | Elf:1    | Noticed Louise
 13880 | Elf:1    | XOM: confuse monster(s)
 13892 | Elf:1    | XOM: harmless Summ miscast
 13899 | Elf:1    | Killed Louise
 13899 | Elf:1    | Reached skill level 1 in Spellcasting
 14089 | Elf:1    | XOM: polymorph deep elf mage -> something unseen
 14284 | Elf:1    | XOM: harmless Tloc miscast
 14343 | Elf:1    | XOM: 2-stop teleportation journey
 14373 | Elf:1    | Noticed a deep elf death mage
 14379 | Elf:1    | XOM: confusion (+ monsters)
 14402 | Elf:1    | Killed a deep elf death mage
 14422 | Elf:1    | XOM: chaos upgrade
 14462 | Elf:1    | Noticed a deep elf demonologist
 14473 | Elf:1    | XOM: noise
 14474 | Elf:1    | Noticed an Executioner
 14477 | Elf:1    | Killed a deep elf demonologist
 14517 | Elf:1    | Reached skill level 17 in Evocations
 14532 | Elf:1    | Killed from afar by a deep elf knight

Vault maps used:
D:1:      sevenhm_arrival_forest_fort_large_4, serial_curves, eino_curves_01,
          eino_curves_01
D:2:      nicolae_ru_great_annihilating_truth
D:3:      bloody_trog, ecumenical_altar_2, solitary_fountain, uniq_iyjb
D:4:      kennysheep_little_box, minmay_temple_entry_glassed_door, first_bread
D:5:      kennysheep_mini, nicolae_overflow_hidden_temple, lemuel_doored_altar,
          corexii_item_surrounded_by_moat, uniq_sigmund
D:6:      minmay_misc_feat_tower, uniq_crazy_yiuf_cottage
D:7:      kennysheep_six_static_rooms, old_standard_altar, st_stairs_10
D:8:      yredelemnul_forgotten_temple_becter, okawaru_gym_becter,
          grunt_pizzeria
D:9:      zaba_anthole
D:10:     david_lair_generic, kennysheep_big_empty_room
D:11:     zombieorc1_lemuel, serial_shops, nicolae_shop_behind_doors,
          fedhas_bush_and_centaur_altar, uniq_maud
Lair:1:   lab_entry_generic, ldierk_geyser
Orc:1:    rock_pile, uniq_urug, uniq_fannar
Orc:2:    serial_shops, shop_fountains
Orc:3:    nicolae_orc_pool_cavern, minmay_orc_temple_c, uniq_donald
Orc:4:    st_orc_town
Elf:1:    eino_elf_arrival_the_gate, hangedman_elf_disciples,
          roderic_lattice_octagonal_star, uniq_louise
Lab:      nicolae_lab_diamond, nicolae_lab_stuck, nicolae_lab_grate_2,
          labyrinth_baited_teleportation_trap

Action                   |  1- 3 |  4- 6 |  7- 9 | 10-12 | 13-15 || total
-------------------------+-------+-------+-------+-------+-------++-------
Melee: Hand axe          |   139 |   222 |   528 |   447 |       ||  1336
       Unarmed           |     3 |       |       |       |       ||     3
       War axe           |       |       |     3 |   233 |       ||   236
       Quarterstaff      |       |       |       |    56 |       ||    56
       Battleaxe         |       |       |       |   128 |   159 ||   287
 Abil: Device Recharging |       |     1 |     4 |    13 |     1 ||    19
       Evoke Blink       |       |       |       |     3 |       ||     3
       Evoke Invisibilit |       |       |       |     1 |       ||     1
Evoke: Wand              |     1 |     6 |    41 |    79 |    14 ||   141
       Phial of floods   |       |       |       |     3 |     1 ||     4
  Use: Scroll            |       |       |    24 |    11 |     6 ||    41
       Potion            |       |       |       |     1 |     8 ||     9
 Stab: Paralysed         |     1 |     1 |    14 |     5 |       ||    21
       Invisible         |     1 |       |       |    15 |       ||    16
       Confused          |       |     1 |     3 |    14 |     6 ||    24
       Petrifying        |       |       |     2 |       |       ||     2
       Petrified         |       |       |     2 |       |       ||     2
       Distracted        |       |       |       |     1 |     1 ||     2
       Sleeping          |       |       |       |     3 |       ||     3
  Eat: Chunk             |       |     7 |    10 |    18 |     3 ||    38
       Beef jerky        |       |       |     2 |     1 |       ||     3
       Fruit             |       |       |     1 |     2 |       ||     3
       Royal jelly       |       |       |     1 |       |       ||     1
       Pizza             |       |       |       |     2 |       ||     2
